 Dungeon Crawl Stone Soup version 0.14-a0-2679-gcb94c3d (webtiles) character file.

493 Mutilatedicks the Skirmisher (level 6, -5/50 HPs)
             Began as a Demonspawn Chaos Knight on Feb 17, 2014.
             Was a Plaything of Xom.
             Slain by an orc wizard
             ... wielding a -1,+0 orcish flail
              (9 damage)
             ... on Level 3 of the Dungeon.
             The game lasted 00:06:09 (2347 turns).

Mutilatedicks the Skirmisher (DsCK)                 Turns: 2347, Time: 00:06:09

HP  -5/50        AC  8     Str 12      XL: 6   Next: 53%
MP   0/6         EV 11     Int 14      God: Xom
Gold 96          SH  0     Dex 16      Spells:  0 memorised,  5 levels left

rFire  . . .     SeeInvis .     a - +0 spear (chaos)
rCold  . . .     Clarity  .     b - +2 leather armour
rNeg   . . .     Conserve .     (no shield)
rPois  .         rCorr    .     (helmet restricted)
rElec  .         rRot     .     (no cloak)
SustAb . .       Spirit   +     (no gloves)
rMut   .         Warding  .     (no boots)
Saprov . . .     Stasis   .     (no amulet)
MR     .....                    (no ring)
                                (no ring)

@: slowed, very slow, not resistant to hostile enchantments, unstealthy
A: antennae 1, icy blue scales 2, agile 1, magic shield
a: Renounce Religion


You were on level 3 of the Dungeon.
You worshipped Xom.
You were a special plaything of Xom.
You were not hungry.

You visited 1 branch of the dungeon, and saw 3 of its levels.

You collected 96 gold pieces.

Inventory:

Hand weapons
 a - a +0,+0 spear of chaos (weapon)
Armour
 b - a +2 leather armour (worn)
Comestibles
 c - a bread ration
 h - 3 chunks of orc flesh
Scrolls
 d - 2 scrolls of magic mapping {unknown}
 e - a scroll of curse armour {unknown}
 g - 4 scrolls of identify {unknown}
 k - a scroll of random uselessness {unknown}
 l - a scroll of blinking {unknown}
 m - 2 scrolls of teleportation {unknown}
 n - 2 scrolls of curse weapon {unknown}
 o - a scroll of remove curse {unknown}
Potions
 f - 2 potions of might {unknown}
 i - 2 potions of heal wounds
 j - 2 potions of agility {unknown}


   Skills:
 + Level 4.8 Fighting
 + Level 4.5 Polearms
 - Level 1.9 Armour
 + Level 3.4 Dodging


You had 5 spell levels left.
You didn't know any spells.

Dungeon Overview and Level Annotations

Branches:
Dungeon (3/16)

Altars:
Elyvilon


Innate Abilities, Weirdness & Mutations

You have a pair of small antennae on your head.
You are mostly covered in icy blue scales (AC +3, EV -1).
When hurt, damage is shared between your health and your magic reserves.
You are agile. (Dex +2)


Message History

The rat misses you.
The orc wizard hits you with an orcish dagger.
You hit the orc wizard but do no damage.
The orc wizard is heavily wounded.
The orc wizard barely misses you. The orc wizard casts a spell at you.
The magic dart hits you! The rat bites you.
The orc wizard casts a spell.
The orc wizard blinks!
The orc wizard hits you with an orcish flail!
* * * LOW HITPOINT WARNING * * *
The orc wizard casts a spell.
The orc wizard blinks!
The orc wizard hits you but does no damage.
The orc wizard points at you and mumbles some strange words.
The magic dart hits you!
* * * LOW HITPOINT WARNING * * *
The orc wizard hits you with an orcish flail!
You die...
Xom howls with laughter!

########.................
####..[.....................
................############
....[............#
.................#
.................#
........o.......#
................####
...........@.........
..........o.#######
..##########r.#
#..............#########
##.......................
##................).......
#..###?..................
#.##?##..................
#.'.$.#..................


You could see 2 orc wizards and a rat.

Vanquished Creatures
  Grinder (D:3)
  Sigmund (D:2)
  Jessica (D:2)
  2 adders
  4 gnolls
  Ijyb (D:2)
  A worm (D:2)
  2 giant geckos (D:2)
  An ooze (D:2)
  2 orcs (D:3)
  5 bats
  4 giant cockroaches
  7 goblins
  3 hobgoblins
  A jackal (D:1)
  4 ball pythons
  A giant newt (D:3)
  5 kobolds
  5 rats
51 creatures vanquished.

Vanquished Creatures (collateral kills)
  An adder (D:3)
  An orc (D:3)
  A hobgoblin (D:3)
  2 kobolds (D:3)
  2 goblins (D:3)
  A rat (D:3)
8 creatures vanquished.

Vanquished Creatures (others)
  An ufetubus (D:3)
1 creature vanquished.

Grand Total: 60 creatures vanquished

Notes
Turn   | Place    | Note
--------------------------------------------------------------
     0 | D:1      | Mutilatedicks, the Demonspawn Chaos Knight, began the quest for the Orb.
     0 | D:1      | Reached XP level 1. HP: 18/18 MP: 1/1
    16 | D:1      | XOM: harmless Hex miscast
   449 | D:1      | Reached skill level 1 in Dodging
   499 | D:1      | Gained mutation: You are partially covered in icy blue scales (AC +1). [demonic ancestry]
   499 | D:1      | Reached XP level 2. HP: 24/24 MP: 2/2
   561 | D:1      | XOM: harmless Summ miscast
   851 | D:2      | Noticed Sigmund
   856 | D:2      | XOM: potion effect (berserk)
   865 | D:2      | Killed Sigmund
   865 | D:2      | Gained mutation: You are mostly covered in icy blue scales (AC +3, EV -1). [demonic ancestry]
   865 | D:2      | Reached XP level 3. HP: 12/30 MP: 3/3
   865 | D:2      | Gained mutation: You have a pair of small antennae on your head. [demonic ancestry]
   865 | D:2      | Reached XP level 4. HP: 14/37 MP: 4/4
   977 | D:2      | XOM: harmless Summ miscast
  1250 | D:2      | Found a white marble altar of Elyvilon.
  1510 | D:2      | Noticed Jessica
  1515 | D:2      | Killed Jessica
  1515 | D:2      | Reached skill level 4 in Fighting
  1596 | D:2      | Noticed Ijyb
  1600 | D:2      | XOM: vitrification
  1612 | D:2      | Killed Ijyb
  1612 | D:2      | Reached XP level 5. HP: 42/42 MP: 5/5
  1757 | D:3      | XOM: confuse monster(s)
  1785 | D:3      | Noticed Grinder
  1799 | D:3      | HP: 2/42 [poisoned by a kobold]
  1857 | D:2      | XOM: give mutation
  1857 | D:2      | Gained mutation: You are agile. (Dex +2) [Xom's grace]
  1878 | D:2      | XOM: colour smoke trail
  1891 | D:2      | XOM: harmless Chrm miscast
  1917 | D:2      | XOM: mild Hex miscast
  2049 | D:2      | XOM: summons friendly ufetubus
  2216 | D:3      | XOM: summons friendly ufetubus
  2225 | D:3      | Killed Grinder
  2225 | D:3      | Gained mutation: When hurt, damage is shared between your health and your magic reserves. [demonic ancestry]
  2225 | D:3      | Reached XP level 6. HP: 39/49 MP: 6/6
  2311 | D:3      | XOM: blink monster(s)
  2347 | D:3      | Slain by an orc wizard

Action                   |  1- 3 |  4- 6 || total
-------------------------+-------+-------++-------
Melee: Spear             |    47 |   179 ||   226
  Use: Potion            |       |     3 ||     3
 Stab: Paralysed         |       |    11 ||    11
       Sleeping          |       |     1 ||     1
